 Dungeon Crawl Stone Soup version 0.31-a0-150-g89dc3ad700 (webtiles) character file.

Game seed: 17498089052556083329

65 qw the Shooter (level 4, -1/28 HPs)
             Began as a Gargoyle Hunter on June 8, 2023.
             Slain by an iguana (5 damage)
             ... on level 2 of the Dungeon.
             The game lasted 00:00:33 (1098 turns).

qw the Shooter (Gargoyle Hunter)                    Turns: 1098, Time: 00:00:34

Health: -1/28      AC:  7    Str: 15    XL:     4   Next: 14%
Magic:  4/4        EV: 11    Int:  9    God:
Gold:   50         SH:  0    Dex: 15    Spells: 3/3 levels left

rFire   . . .        Y - +0 shortbow
rCold   . . .        (shield currently unavailable)
rNeg    + . .        c - +0 leather armour
rPois   inf          h - +0 helmet
rElec   +            (no cloak)
rCorr   .            (no gloves)
SInv    .            (no boots)
Will    .....        (no amulet)
Stlth   ++           (no ring)
HPRegen 0.24/turn    (no ring)
MPRegen 0.09/turn

%: no passive effects
@: about to teleport
A: sickness immunity, AC +3, negative energy resistance 1, electricity
resistance, torment resistance 1, petrification resistance
a: no special abilities


You were on level 2 of the Dungeon.
You visited 1 branch of the dungeon, and saw 2 of its levels.

You collected 50 gold pieces.


Innate Abilities, Weirdness & Mutations

You are immune to sickness and miasma.
Your stone body is resilient. (AC +3)
You are immune to poison.
You resist negative energy. (rN+)
You are resistant to electric shocks. (rElec)
You are resistant to unholy torment.
You are immune to petrification.


   Skills:
 - Level 3.0 Fighting
 + Level 5.2 Ranged Weapons
 - Level 1.5 Dodging
 - Level 1.1 Stealth


You had 3 spell levels left.
You didn't know any spells.
Your spell library was empty.

Inventory:

Hand Weapons
 Y - a +0 shortbow (weapon)
Armour
 c - a +0 leather armour (worn)
 h - a +0 helmet (worn)
Potions
 d - a potion of ambrosia {unknown}
 f - a potion of resistance
 g - a potion of curing {unknown}

Dungeon Overview and Level Annotations

Branches:
Dungeon (2/15)

Altars:


Message History

The worm is moderately wounded.
You shoot an arrow. The arrow hits the worm.
The worm is moderately wounded.
You shoot an arrow. The arrow hits the worm!
The worm is severely wounded.
You shoot an arrow.
The arrow hits the worm but does no damage.
The worm is severely wounded.
An iguana comes into view.
You shoot an arrow. The arrow barely misses the worm.
The iguana hisses angrily.
You shoot an arrow. The arrow hits the worm!
You kill the worm!
You shoot an arrow. The arrow closely misses the iguana.
You shoot an arrow. The arrow closely misses the iguana.
You shoot an arrow.
The arrow hits the iguana but does no damage.
You shoot an arrow.
The arrow hits the iguana but does no damage.
The iguana barely misses you.
You shoot an arrow. The arrow barely misses the iguana.
The iguana barely misses you.
You shoot an arrow. The arrow hits the iguana.
The iguana is moderately wounded.
The iguana bites you!
You shoot an arrow.
The arrow hits the iguana but does no damage.
The iguana is moderately wounded.
The iguana bites you but does no damage.
You shoot an arrow.
The arrow hits the iguana but does no damage.
The iguana is moderately wounded.
The iguana bites you.
A giant cockroach comes into view.
The iguana bites you!
1098 ||| READING scroll of teleportation.
As you read the scroll of teleportation, it crumbles to dust.
You feel strangely unstable. The iguana bites you.
You die...

. #...... #....# #.
###.#.## ####.# #
#.######.#.# #.#
#B#.....#....# #.#
............# #.#
#......)....# #.#
.......%%...# #.#
......##....###### #.#
.##...l@.........# #.#
......%.....(....# #.#
.....$...........# #.#
#..........%.>...# #.#
.....#...........# #.#
..#..............####.#
( ...##.............%.#
... #################


You could see an iguana and a giant cockroach (wandering).

Vanquished Creatures
  An adder (D:2)
  2 worms (D:2)
  2 dart slugs (D:1)
  4 ball pythons (D:1)
  7 bats
  9 endoplasms
  A giant cockroach (D:1)
  A goblin (D:1)
  2 hobgoblins
  5 kobolds (D:1)
  3 quokkas
  3 frilled lizards (D:1)
  3 rats
43 creatures vanquished.

Notes
Turn   | Place    | Note
-------+----------+-------------------------------------------
     0 | D:1      | qw the Gargoyle Hunter began the quest for the Orb.
     0 | D:1      | Reached XP level 1. HP: 12/12 MP: 1/1
     0 | D:1      | 0 ||| qw: Version: 0.2-a-119-g7aa9181
     0 | D:1      | 0 ||| qw: Game counter: 2926
     0 | D:1      | 0 ||| qw: Always use a shield: true
     0 | D:1      | 0 ||| qw: God list: Okawaru
     0 | D:1      | 0 ||| qw: Allow faded altars: false
     0 | D:1      | 0 ||| qw: Do Orc after D:15 true
     0 | D:1      | 0 ||| qw: Do second Lair branch before Depths: true
     0 | D:1      | 0 ||| qw: Lair rune preference: random
     0 | D:1      | 0 ||| qw: Plans: Normal
     0 | D:1      | 0 ||| PLANNING D:1-11
    71 | D:1      | Reached XP level 2. HP: 17/17 MP: 2/2
   342 | D:1      | Reached XP level 3. HP: 21/21 MP: 3/3
   375 | D:1      | Reached skill level 5 in Ranged Weapons
   919 | D:1      | 919 ||| UPGRADING to +0 helmet.
   924 | D:1      | 924 ||| READING scroll labelled VEMESE KALETI.
   929 | D:1      | 929 ||| READING scroll labelled NEZOLE FUMUSS.
   930 | D:1      | 930 ||| DRINKING 2 bubbling cyan potions.
   931 | D:1      | 931 ||| DROPPING scroll of butterflies.
  1044 | D:2      | Reached skill level 3 in Fighting
  1058 | D:2      | Reached XP level 4. HP: 27/28 MP: 4/4
  1097 | D:2      | HP: 3/28 [iguana (12)]
  1098 | D:2      | 1098 ||| READING scroll of teleportation.
  1098 | D:2      | Slain by an iguana

Levels and vault maps discovered:
D:1:      minmay_arrival_wavy_path, layout_loops_corners, serial_bayou_pond_b
D:2:      layout_basic, serial_shops, nicolae_shop_window_shopping, uniq_natasha

Skill      XL: |  1  2  3 |
---------------+----------+-----
Ranged Weapons | 5 |  5.2
Fighting       | 3 |  3.0
Dodging        | |  1.5
Stealth        | |  1.1

Action                     |  1- 3 |  4- 6 || total
---------------------------+-------+-------++-------
   Fire: Shortbow          |   127 |    28 ||   155
    Use: Scroll            |     2 |     1 ||     3
         Potion            |     1 |       ||     1
 Armour: Leather armour    |    14 |     3 ||    17
  Dodge: Dodged            |    21 |     7 ||    28

Table legend:
 A = Non-vault XP
 B = Vault XP
 C = Vault XP percentage of total XP
 D = Non-vault monster count
 E = Vault monster count
 F = Vault count percentage of total count
                 A         B        C        D         E       F
            +---------+---------+-------+---------+---------+-------
      Total |      92 |       2 |   2.1 |      42 |       1 |   2.3
            +---------+---------+-------+---------+---------+-------
        D:1 |      61 |       2 |   3.2 |      34 |       1 |   2.9
        D:2 |      31 |       0 |   0.0 |       8 |       0 |   0.0
            +---------+---------+-------+---------+---------+-------
